 Dungeon Crawl Stone Soup version 0.22-a0-877-g5c4e1afb51 (webtiles) character file.

19266 Htamos the Cardsharp (level 12, 0/101 HPs)
             Began as a Demonspawn Gladiator on July 29, 2018.
             Was a High Priest of Nemelex Xobeh.
             Killed from afar by a deep elf mage (28 damage)
             ... with a bolt of lightning
             ... on level 12 of the Dungeon.
             The game lasted 00:38:59 (17114 turns).

Htamos the Cardsharp (Demonspawn Gladiator)        Turns: 17114, Time: 00:38:59

Health: 0/101      AC: 18    Str: 19 (21) XL:     12   Next: 35%
Magic:  0/20       EV: 14    Int:  7 (9)  God:    Nemelex Xobeh [*****.]
Gold:   378        SH:  0    Dex: 22 (24) Spells: 11/11 levels left

rFire    . . .     SeeInvis .   z - +3 battleaxe (freeze)
rCold    . . .     Gourm    .   (shield currently unavailable)
rNeg     . . .     Faith    +   M - +0 plate armour
rPois    .         Spirit   +   c - +1 helmet
rElec    .         Reflect  .   (no cloak)
rCorr    .         Harm     .   p - +2 pair of gloves
MR       .....                  (no boots)
Stlth    ..........             B - amulet of faith
HPRegen  0.26/turn              (no ring)
MPRegen  0.34/turn              (no ring)

@: mighty, agile
A: claws 2, rugged brown scales 3, powered by pain 1, magic shield, magic
regeneration
a: Triple Draw, Deal Four, Stack Five, Renounce Religion


You were on level 12 of the Dungeon.
You worshipped Nemelex Xobeh.
Nemelex Xobeh was extremely pleased with you.
You were not hungry.

You visited 2 branches of the dungeon, and saw 13 of its levels.

You collected 663 gold pieces.
You spent 285 gold pieces at shops.

Inventory:

Hand Weapons
 a - a +0 war axe
 i - a -1 war axe
 z - a +3 battleaxe of freezing (weapon)
 K - a +1 hand axe of venom
 L - a cursed +0 battleaxe
 N - a cursed +3 battleaxe
Missiles
 d - 5 throwing nets
 k - 363 stones (quivered)
Armour
 b - a +0 leather armour
 c - a +1 helmet (worn)
 j - a +0 chain mail
 p - a +2 pair of gloves (worn)
 M - a +0 plate armour (worn)
Jewellery
 v - an uncursed amulet of rage
 B - an amulet of faith (around neck)
 T - a +3 ring of intelligence {unknown}
 Y - a +6 ring of intelligence {unknown}
Wands
 t - a wand of digging (12)
 x - a wand of disintegration (13)
 F - a wand of iceblast (15)
 R - a wand of flame (21)
Scrolls
 e - 9 scrolls of remove curse
 n - 5 scrolls of teleportation
 q - 3 scrolls of magic mapping
 y - a scroll of immolation {unknown}
 A - 6 scrolls of identify
 I - 3 scrolls of enchant weapon
 J - 2 scrolls of amnesia
 S - a scroll of enchant armour
 U - 2 scrolls of fog
 W - 3 scrolls of summoning {unknown}
Potions
 g - 2 potions of agility
 h - 2 potions of curing
 l - a potion of berserk rage {unknown}
 m - 2 potions of degeneration
 o - 2 potions of resistance {unknown}
 r - 5 potions of brilliance {unknown}
 s - 2 potions of heal wounds {unknown}
 u - 2 potions of haste {unknown}
 w - 5 potions of flight {unknown}
 D - a potion of might {unknown}
 O - a potion of lignification {unknown}
 Q - a potion of ambrosia {unknown}
Miscellaneous
 C - a legendary deck of summoning {drawn: 2}
 E - an ornate deck of escape {drawn: 7}
 G - a plain deck of escape
 H - a plain deck of destruction {drawn: 8}
 P - an ornate deck of destruction
 V - an ornate deck of destruction
 X - an ornate deck of destruction
Comestibles
 f - 25 rations
 Z - 5 chunks of flesh


   Skills:
 + Level 9.1 Fighting
 - Level 8.6 Axes
 - Level 8.0 Throwing
 - Level 6.4 Dodging
 * Level 8.0 Unarmed Combat
 * Level 11.9 Invocations


You had 11 spell levels left.
You didn't know any spells.
Your spell library contained the following spells:

 Spells                   Type           Power        Failure   Level  Hunger
 Fireball                 Conj/Fire      #.........   100%        5    ######.
 Conjure Flame            Conj/Fire      #.......     100%        3    ####...
 Throw Flame              Conj/Fire      #.....       100%        2    ###....
 Animate Dead             Necr           N/A          100%        4    #####..
 Pain                     Necr           #...         100%        1    ##.....
 Animate Skeleton         Necr           N/A          100%        1    ##.....
 Vampiric Draining        Necr           #.........   100%        3    ####...
 Sticky Flame             Conj/Fire      #.......     100%        4    #####..
 Regeneration             Chrm/Necr      #.........   100%        3    ####...
 Flame Tongue             Conj/Fire      #....        100%        1    ##.....
 Inner Flame              Hex/Fire       #.......     100%        3    ####...


Dungeon Overview and Level Annotations

Branches:
Dungeon (12/15)            Temple (1/1) D:4            Lair (0/6) D:11
    Orc (0/2) D:9

Altars:
Ashenzari
Cheibriados
Dithmenos
Elyvilon
Fedhas
Gozag
Hepliaklqana
Kikubaaqudgha
Makhleb
Nemelex Xobeh
Okawaru
Qazlal
Ru
Sif Muna
Trog
Uskayaw
Vehumet
Wu Jian
Xom
Yredelemnul
Zin
The Shining One
Beogh

Shops:
D:4 (   D:8 *   D:9 *   D:12 *

Portals:
Trove: D:12 (give +4 storm dragon scales)

Annotations:
D:5 exclusion: door


Innate Abilities, Weirdness & Mutations

You have very sharp fingernails.
You are completely covered in rugged brown scales. (AC +3, +7% HP)
You sometimes gain a little power by taking damage.
When hurt, damage is shared between your health and your magic reserves.
You regenerate magic rapidly.


Message History

* * * LOW HITPOINT WARNING * * *
The vampire mosquito draws strength from your injuries!
The vampire mosquito barely misses you.
Your vampire mosquito bites the vampire mosquito!
Your vampire mosquito barely misses the vampire mosquito.
Your vampire mosquito closely misses the deep elf mage.
The vampire mosquito barely misses you.
The vampire mosquito completely misses you.
Your vampire mosquito closely misses the vampire mosquito.
The deep elf mage points at you and mumbles some strange words.
The bolt of magma hits your blizzard demon.
Your blizzard demon is burned terribly!
The deep elf mage points at you and mumbles some strange words.
The bolt of lightning hits your vampire mosquito.
The bolt of lightning misses Acvu.
The bolt of lightning hits your vampire mosquito.
The bolt of lightning hits you!
* * * LOW MAGIC WARNING * * *
You die...
Your body disappears without a glow.

##..# .#.......#.#
#.##
#......#.......#.###.#
#.#.##.#.....^.......#
#.#.##...........)####
#.#e##.........####
.#####.y............#
#.....y.............#
...e..e)y#2y........#
#...#.§##&y@........#
s #..#. #yyy........#
..ee #.
#...........#####...
$.. #.
#...................
.e ..
#...........######.. §
.. ##.......<..# ..
##........###
#..........#
#..........#


You could see 2 deep elf magi, 2 vampire mosquitoes, the friendly Acvu, a
friendly blizzard demon and 6 friendly vampire mosquitoes.

Vanquished Creatures
  A hydra (D:10)
  A two-headed ogre (D:11)
  Urug (D:10)
  Sonja (D:11)
  A deep troll (D:9)
  Pikel (D:4)
  The ghost of LLavrengius the Zephyrmancer, a novice TeSu of Sif Muna (D:7)
  A cyclops (D:12)
  Maurice (D:11)
  A tengu conjurer (D:10)
  20 yaks
  A wraith (D:12)
  3 wyverns (D:11)
  2 wargs (D:11)
  4 water moccasins
  3 sky beasts
  7 orc warriors
  5 ice beasts
  A black bear (D:9)
  2 phantoms (D:11)
  4 slaves (D:4)
  8 centaurs
  6 ogres
  2 crocodiles
  3 bullfrogs
  A wyvern zombie (D:11)
  4 scorpions
  17 wights
  3 electric eels
  4 howler monkeys
  4 crimson imps
  A bullfrog zombie (D:5)
  A centaur zombie (D:4)
  A jelly (D:7)
  2 bullfrog skeletons
  2 hounds
  A quasit (D:12)
  9 orc priests
  4 orc wizards
  3 centaur skeletons
  4 iguanas
  4 worker ants
  2 hound skeletons
  2 worker ant zombies
  12 adders
  2 shadow imps
  An ooze (D:2)
  An adder skeleton (D:5)
  2 worms
  10 leopard geckos
  52 orcs
  8 giant cockroaches
  6 goblins
  4 hobgoblins
  6 kobolds
  5 quokkas
  8 frilled lizards
  2 quokka skeletons
  A quokka zombie (D:6)
  6 rats
276 creatures vanquished.

Vanquished Creatures (collateral kills)
  A hydra (D:11)
  3 two-headed ogres
  A manticore (D:11)
  3 deep elf magi (D:12)
  2 ugly things (D:11)
  A centaur skeleton (D:11)
  6 yaks (D:11)
  A warg (D:11)
  A water moccasin (D:8)
  2 orc warriors
  A sky beast (D:6)
  An ogre (D:8)
  2 phantoms
  2 bullfrogs
  A scorpion (D:6)
  3 killer bees (D:7)
  10 wights
  A crimson imp (D:6)
  2 quasits
  A hound (D:8)
  2 orc wizards
  An orc priest (D:7)
  A worm (D:4)
  9 orcs
58 creatures vanquished.

Vanquished Creatures (others)
  A yak (D:10)
  A wight (D:6)
  An adder (D:5)
  3 plants (D:11)
6 creatures vanquished.

Grand Total: 340 creatures vanquished

Notes
Turn   | Place    | Note
-------+----------+-------------------------------------------
     0 | D:1      | Htamos the Demonspawn Gladiator began the quest for the Orb.
     0 | D:1      | Reached XP level 1. HP: 16/16 MP: 1/1
   316 | D:1      | Gained mutation: When hurt, damage is shared between your health and your magic reserves. [demonic ancestry]
   316 | D:1      | Reached XP level 2. HP: 15/22 MP: 2/2
  1325 | D:2      | Reached XP level 3. HP: 28/28 MP: 3/3
  1633 | D:2      | Found a stormy altar of Qazlal.
  1756 | D:2      | Gained mutation: You are partially covered in rugged brown scales. (AC +1, +3% HP) [demonic ancestry]
  1756 | D:2      | Reached XP level 4. HP: 28/35 MP: 4/4
  2005 | D:2      | Found a white marble altar of Elyvilon.
  3032 | D:3      | Reached XP level 5. HP: 41/42 MP: 3/5
  3303 | D:4      | Found Ecall's Antique Weapon Boutique.
  3443 | D:4      | Found a staircase to the Ecumenical Temple.
  3497 | D:4      | Noticed a phantom
  3553 | Temple   | Entered the Ecumenical Temple
  3767 | Temple   | Became a worshipper of Nemelex Xobeh the Trickster
  3974 | D:4      | Received a gift from Nemelex Xobeh
  4146 | D:4      | Noticed a phantom
  4179 | D:4      | Killed a phantom
  4179 | D:4      | Gained mutation: You are mostly covered in rugged brown scales. (AC +2, +5% HP) [demonic ancestry]
  4179 | D:4      | Reached XP level 6. HP: 40/49 MP: 6/6
  4345 | D:4      | Noticed a slave
  4345 | D:4      | Noticed a slave
  4346 | D:4      | Noticed a slave
  4347 | D:4      | Found a blossoming altar of Fedhas.
  4347 | D:4      | Noticed a slave
  4347 | D:4      | Noticed Pikel
  4354 | D:4      | Killed a slave
  4354 | D:4      | Killed a slave
  4356 | D:4      | Killed a slave
  4357 | D:4      | Killed Pikel
  4357 | D:4      | Reached skill level 5 in Axes
  4357 | D:4      | Gained mutation: You are completely covered in rugged brown scales. (AC +3, +7% HP) [demonic ancestry]
  4357 | D:4      | Reached XP level 7. HP: 48/57 MP: 5/7
  4670 | D:5      | Entered Level 5 of the Dungeon
  4735 | D:5      | Received a gift from Nemelex Xobeh
  4940 | D:5      | Reached * piety under Nemelex Xobeh
  4947 | D:5      | Gained mutation: You sometimes gain a little power by taking damage. [demonic ancestry]
  4947 | D:5      | Reached XP level 8. HP: 65/65 MP: 8/8
  5094 | D:5      | Found a shimmering altar of Xom.
  5471 | D:5      | Received a gift from Nemelex Xobeh
  5835 | D:5      | Reached ** piety under Nemelex Xobeh
  5905 | D:5      | Reached skill level 5 in Fighting
  5905 | D:5      | Reached skill level 5 in Dodging
  6887 | D:6      | Reached skill level 5 in Throwing
  6887 | D:6      | Reached XP level 9. HP: 39/72 MP: 5/9
  7144 | D:6      | Received a gift from Nemelex Xobeh
  7761 | D:7      | Noticed LLavrengius's ghost (novice TeSu)
  7764 | D:7      | Found a runed door.
  7814 | D:7      | Killed LLavrengius's ghost
  8172 | D:7      | Found a sacrificial altar of Ru.
  8193 | D:7      | Received a gift from Nemelex Xobeh
  8197 | D:7      | Found a glowing golden altar of the Shining One.
  8264 | D:7      | Reached *** piety under Nemelex Xobeh
  8358 | D:7      | Reached skill level 1 in Invocations
  8398 | D:7      | Noticed an ice devil
  8443 | D:7      | Reached skill level 2 in Invocations
  8587 | D:7      | Found an ancient bone altar of Kikubaaqudgha.
  8640 | D:7      | Received a gift from Nemelex Xobeh
  8725 | D:7      | Reached skill level 3 in Invocations
  8838 | D:7      | Received a gift from Nemelex Xobeh
  8939 | D:7      | Found a snail-covered altar of Cheibriados.
  8947 | D:7      | Found an ornate altar of the Wu Jian Council.
  8948 | D:7      | Found a shadowy altar of Dithmenos.
  8950 | D:7      | Found a radiant altar of Vehumet.
  9149 | D:8      | Reached skill level 4 in Invocations
  9685 | D:8      | Found Uregroi's Assorted Antiques.
  9726 | D:8      | Bought a scroll labeled PUUSUEZANWENWU for 30 gold pieces
  9726 | D:8      | Bought a scroll labeled PUUSUEZANWENWU for 30 gold pieces
  9726 | D:8      | Bought a scroll of enchant weapon for 225 gold pieces
  9791 | D:8      | Gained mutation: You have sharp fingernails. [demonic ancestry]
  9791 | D:8      | Reached XP level 10. HP: 63/82 MP: 11/13
 10171 | D:8      | Received a gift from Nemelex Xobeh
 10242 | D:8      | Noticed a two-headed ogre
 10247 | D:8      | Killed a two-headed ogre
 10247 | D:8      | Reached skill level 1 in Unarmed Combat
 10247 | D:8      | Reached skill level 5 in Invocations
 10824 | D:9      | Noticed a two-headed ogre
 11171 | D:9      | Reached **** piety under Nemelex Xobeh
 11205 | D:9      | Found a roughly hewn altar of Beogh.
 11236 | D:9      | You fall through a shaft!
 11236 | D:10     | Entered Level 10 of the Dungeon
 11475 | D:10     | Noticed Urug
 11498 | D:10     | Killed Urug
 11498 | D:10     | Reached skill level 6 in Invocations
 11675 | D:9      | Reached skill level 7 in Invocations
 12227 | D:9      | Found a staircase to the Orcish Mines.
 12466 | D:9      | Found a bloodstained altar of Trog.
 12536 | D:9      | Found Agreac's Serpentskin Sales.
 12678 | D:9      | Received a gift from Nemelex Xobeh
 12762 | D:9      | Reached skill level 8 in Invocations
 12774 | D:9      | Gained mutation: You have very sharp fingernails. [demonic ancestry]
 12774 | D:9      | Reached XP level 11. HP: 57/89 MP: 8/17
 12990 | D:9      | Found an iron altar of Okawaru.
 12997 | D:9      | Found an ancient bone altar of Kikubaaqudgha.
 13016 | D:9      | Noticed a two-headed ogre
 13020 | D:9      | Noticed a deep troll
 13020 | D:9      | a two-headed ogre changed into a deep troll
 13023 | D:9      | Killed a deep troll
 13230 | D:10     | Received a gift from Nemelex Xobeh
 13377 | D:10     | Noticed a four-headed hydra
 13382 | D:10     | Reached skill level 5 in Unarmed Combat
 13387 | D:10     | Killed an eight-headed hydra
 13387 | D:10     | Reached skill level 9 in Invocations
 13925 | D:10     | Received a gift from Nemelex Xobeh
 13940 | D:10     | Found the +3 robe of Folly {Archmagi, MR-- Int+5}
 14392 | D:11     | Reached skill level 10 in Invocations
 14583 | D:11     | Received a gift from Nemelex Xobeh
 14584 | D:11     | Reached ***** piety under Nemelex Xobeh
 14808 | D:11     | Noticed a seven-headed hydra
 14819 | D:11     | Killed an eight-headed hydra
 14827 | D:11     | Noticed a two-headed ogre
 14841 | D:11     | Killed a two-headed ogre
 15187 | D:11     | Found a staircase to the Lair.
 15322 | D:11     | Noticed a two-headed ogre
 15328 | D:11     | Killed a two-headed ogre
 15333 | D:11     | Reached skill level 11 in Invocations
 15333 | D:11     | Gained mutation: You regenerate magic rapidly. [demonic ancestry]
 15333 | D:11     | Reached XP level 12. HP: 87/100 MP: 18/20
 15397 | D:11     | Received a gift from Nemelex Xobeh
 15414 | D:11     | Noticed Maurice
 15433 | D:11     | Killed Maurice
 15985 | D:11     | Noticed a two-headed ogre
 15995 | D:11     | Killed a two-headed ogre
 16402 | D:11     | Noticed Sonja
 16416 | D:11     | Killed Sonja
 16857 | D:12     | Found Xyigis's Assorted Antiques.
 16874 | D:12     | Found a portal to a secret trove of treasure.
 17094 | D:12     | Received a gift from Nemelex Xobeh
 17114 | D:12     | Killed from afar by a deep elf mage

Vault maps used:
D:1:      sevenhm_arrival_forest_fort_small_3, hangedman_decor_clover_reticule
D:2:      elyvilon_altar_4, lemuel_doored_altar
D:3:      kennysheep_decorative_pillar
D:4:      minmay_temple_entry_mist, serial_shops, shop, fedhas_altar_fruit_tree,
          uniq_pikel
D:5:      cheibrodos_two_vegetables, xom_butterflies, first_ration
D:7:      minitemple, tso_metal_star, nicolae_ru_awakened_eye,
          hellmonk_ghost_happy_afterlife, basic_altar
D:8:      serial_shops, nicolae_shop_waterfront, minivault_26
D:9:      kennysheep_mini, amethyst_overflow_temple_binary, david_orc_5,
          grunt_ogre_cave, guppyfry_shop_venom
D:10:     argonaut_augean_stables, minmay_misc_feat_tiny, nrook_mini_vaults,
          uniq_urug
D:11:     erik_lair_orcish_takeover, uniq_maurice, uniq_sonja
D:12:     nicolae_trove_entry_free_sample, serial_shops, shop,
          elves_outpost_lemuel
Temple:   jpeg_temple_alley_garden

Skill      XL: |  1  2  3  4  5  6  7  8  9 10 11 12 |
---------------+-------------------------------------+-----
Axes           | 3 4 5 6 7 8 |  8.6
Dodging        | 3 4 5 6 |  6.4
Throwing       | 2 3 5 6 7 8 |  8.0
Fighting       | 3 4 5 6 7 8 9 |  9.1
Invocations    | 4 8 11 | 11.9
Unarmed Combat | 4 7 8 |  8.0

Action                   |  1- 3 |  4- 6 |  7- 9 | 10-12 || total
-------------------------+-------+-------+-------+-------++-------
Melee: War axe           |    83 |   170 |   318 |       ||   571
       Battleaxe         |       |       |       |   453 ||   453
       Unarmed           |       |       |       |   112 ||   112
Throw: Stone             |     3 |    12 |    67 |       ||    82
Evoke: Deck              |       |     7 |    34 |    35 ||    76
       Wand              |       |       |    11 |     3 ||    14
  Use: Scroll            |       |     5 |     9 |       ||    14
       Potion            |       |     1 |     1 |     3 ||     5
 Stab: Sleeping          |       |     2 |     1 |       ||     3
       Distracted        |       |       |       |     1 ||     1
  Eat: Chunk             |     2 |     9 |    11 |    21 ||    43
       Ration            |       |       |     2 |     1 ||     3
Armor: Leather armour    |    16 |    84 |   108 |       ||   208
       Chain mail        |    35 |       |       |       ||    35
       Plate armour      |       |       |    79 |   405 ||   484
Dodge: Dodged            |    39 |   144 |   259 |   220 ||   662

Table legend:
 A = Spawn XP
 B = Non-spawn XP
 C = Spawn XP percentage of total XP
 D = Spawn monster count
 E = Non-spawn monster count
 F = Spawn count percentage of total count
 G = Total turns spent on level
                    A         B        C        D         E        F      G
               +---------+---------+-------+---------+---------+-------+---------
         Total |       0 |   27523 |   0.0 |       0 |     332 |   0.0 | 17114
               +---------+---------+-------+---------+---------+-------+---------
           D:1 |       0 |      24 |   0.0 |       0 |      13 |   0.0 |  1276
           D:2 |       0 |     138 |   0.0 |       0 |      28 |   0.0 |  1451
           D:3 |       0 |      75 |   0.0 |       0 |      13 |   0.0 |   500
           D:4 |       0 |     888 |   0.0 |       0 |      14 |   0.0 |  1067
           D:5 |       0 |     869 |   0.0 |       0 |      19 |   0.0 |  1744
           D:6 |       0 |     951 |   0.0 |       0 |      25 |   0.0 |  1348
           D:7 |       0 |    1778 |   0.0 |       0 |      32 |   0.0 |  1455
           D:8 |       0 |    1836 |   0.0 |       0 |      29 |   0.0 |  1708
           D:9 |       0 |    3562 |   0.0 |       0 |      43 |   0.0 |  1669
          D:10 |       0 |    5877 |   0.0 |       0 |      40 |   0.0 |  1597
          D:11 |       0 |    9624 |   0.0 |       0 |      65 |   0.0 |  2662
          D:12 |       0 |    1901 |   0.0 |       0 |      11 |   0.0 |   261
               +---------+---------+-------+---------+---------+-------+---------
